 Dungeon Crawl Stone Soup version 0.30.1 (webtiles) character file.

Game seed: 8808668108450803401

34 safid the Chiller (level 3, 0/26 HPs)
             Began as a Merfolk Ice Elementalist on July 10, 2023.
             Slain by a gnoll
             ... wielding a +0 flail
              (7 damage)
             ... on level 2 of the Dungeon.
             The game lasted 00:01:20 (853 turns).

safid the Chiller (Merfolk Ice Elementalist)         Turns: 853, Time: 00:01:21

Health: 0/26       AC:  3    Str:  6 (8)  XL:     3   Next: 31%
Magic:  1/6        EV: 12    Int: 15 (16) God:
Gold:   73         SH:  0    Dex: 12 (14) Spells: 6/7 levels left

rFire   . . .        d - +0 dagger
rCold   . . .        (no shield)
rNeg    . . .        a - +0 robe
rPois   .            (no helmet)
rElec   .            h - +0 cloak
rCorr   .            (no gloves)
SInv    .            (no boots)
Will    .....        (no amulet)
Stlth   ++           (no ring)
HPRegen 0.24/turn    (no ring)
MPRegen 0.10/turn

%: no passive effects
@: no status effects
A: (nimble swimmer 2), mertail
a: no special abilities


You were on level 2 of the Dungeon.
You visited 1 branch of the dungeon, and saw 2 of its levels.

You collected 73 gold pieces.

Inventory:

Hand Weapons
 d - a +0 dagger (weapon)
Armour
 a - a +0 robe (worn)
 h - a +0 cloak (worn)
Scrolls
 c - 4 scrolls of identify {unknown}
 f - a scroll of noise {unknown}
Potions
 b - a potion of magic


   Skills:
 + Level 1.6 Fighting
 - Level 2.6 Dodging
 - Level 2.1 Stealth
 + Level 2.5 Spellcasting
 + Level 4.8 Ice Magic


You had 6 spell levels left.
You knew the following spells:

 Your Spells              Type           Power      Damage    Failure   Level
a - Freeze                Ice            64%        1d7       3%          1

Your spell library contained the following spells:

 Spells                   Type           Power      Damage    Failure   Level
 Frozen Ramparts          Ice            32%        1d5       9%          3
 Ozocubu's Armour         Ice            16%        N/A       9%          3
 Summon Ice Beast         Ice/Summ       9%         N/A       61%         4


Dungeon Overview and Level Annotations

Branches:
Dungeon (2/15)

Altars:


Innate Abilities, Weirdness & Mutations

((You are very nimble when in or above water. (Stealth+, EV+, Speed+++)))
Your lower body shifts to a powerful aquatic tail in water.


Message History

Press: ? - help, Shift-Dir - straight line, f - gnoll
Aim: a gnoll, wielding a +0 whip You freeze the gnoll!
The gnoll is heavily wounded.
The gnoll closely misses you.
Unknown command.
Casting: Freeze (safe; 3% risk of failure)
Confirm with . or Enter, or press ? or * to list all spells.
Aiming: Freeze (safe; 3% risk of failure)
Press: ? - help, Shift-Dir - straight line, f/p - gnoll
Aim: a gnoll, wielding a +0 whip (heavily wounded)
You freeze the gnoll.
The gnoll is almost dead.
The gnoll hits you with a +0 whip.
Unknown command.
You hit the gnoll but do no damage.
The gnoll is almost dead.
The gnoll hits you with a +0 whip.
You barely miss the gnoll.
The gnoll is almost dead.
The gnoll closely misses you.
You barely miss the gnoll.
The gnoll is almost dead.
The gnoll completely misses you.
You hit the gnoll.
You kill the gnoll!
You hit the gnoll but do no damage. The gnoll closely misses you.
The gnoll barely misses you.
You barely miss the gnoll. The gnoll hits you with a +0 flail!
* * * LOW HITPOINT WARNING * * *
The gnoll misses you.
Casting: Freeze (safe; 3% risk of failure)
Confirm with . or Enter, or press ? or * to list all spells.
Aiming: Freeze (safe; 3% risk of failure)
Press: ? - help, Shift-Dir - straight line, f - gnoll
Aim: a gnoll, wielding a +0 flail You freeze the gnoll.
The gnoll is lightly wounded.
The gnoll hits you with a +0 flail!
You die...

##+#####
#......#
#......#
#..><..+
#......######.#
#.....ggg@....#
#.......######+#
#.......#
#.....###
#g.gg.# #.....#
#.!... #....


You could see 3 gnolls.

Vanquished Creatures
  A gnoll (D:2)
  2 dart slugs (D:1)
  5 ball pythons (D:1)
  2 endoplasms (D:1)
  A giant cockroach (D:2)
  3 hobgoblins (D:1)
  A bat (D:1)
  3 goblins (D:1)
  2 rats (D:1)
20 creatures vanquished.

Notes
Turn   | Place    | Note
-------+----------+-------------------------------------------
     0 | D:1      | safid the Merfolk Ice Elementalist began the quest for the
                  | Orb.
     0 | D:1      | Reached XP level 1. HP: 13/13 MP: 3/3
    83 | D:1      | Reached XP level 2. HP: 20/20 MP: 5/5
   184 | D:1      | Reached skill level 1 in Fighting
   845 | D:2      | Reached XP level 3. HP: 26/26 MP: 3/6
   853 | D:2      | Slain by a gnoll

Illustrated notes

Levels and vault maps discovered:
D:1:      eino_arrival_druids_welcome, layout_basic,
          minmay_misc_feat_more_columns
D:2:      layout_basic, shapermc_ecumenical_altar_acropolis

Skill      XL: |  1  2 |
---------------+-------+-----
Fighting       | 1 |  1.6
Dodging        | |  2.6
Stealth        | |  2.1
Spellcasting   | |  2.5
Ice Magic      | |  4.8

Action                     || total
---------------------------++-------
  Melee: Dagger            ||    39
         Unarmed           ||     6
   Cast: Freeze            ||    20
    Use: Potion            ||     3
   Stab: Sleeping          ||     2
 Armour: Robe              ||    15
  Dodge: Dodged            ||    40
